 Dungeon Crawl Stone Soup version 0.28.0-47-ge53b351184 (webtiles) character file.

Game seed: 2342011519156852877

15701 pkoi the Zephyrmancer (level 11, 0/92 HPs)
             Began as a Demigod Air Elementalist on Apr 30, 2022.
             Slain by a red draconian
             ... wielding a +0 scimitar of flaming
              (16 damage)
             ... in a volcano.
             The game lasted 00:27:41 (25047 turns).

pkoi the Zephyrmancer (Demigod Air Elementalist)   Turns: 25047, Time: 00:27:42

Health: 0/92       AC: 15    Str:  9    XL:     11   Next: 72%
Magic:  0/34       EV: 12    Int: 26    God:
Gold:   541        SH:  0    Dex: 14    Spells: 5/23 levels left

rFire   + + .      SeeInvis .     - Unarmed
rCold   x . .      Faith    .   (no shield)
rNeg    . . .      Spirit   +   s - +2 robe {rF+}
rPois   .          Reflect  .   h - +2 hat
rElec   .          Harm     .   m - +1 cloak
rCorr   .          Rampage  +   x - +2 pair of gloves
Will    +....                   C - +2 pair of boots
Stlth   +++.......              w - amulet "Nicieli" {Spirit Rampage Regen+ Int-3 Stlth+}
HPRegen 1.05/turn               G - ring of magical power
MPRegen 0.24/turn               c - ring of fire

@: no status effects
A: high MP 1, forlorn, divine attributes
a: no special abilities


You were in a volcano.
You visited 2 branches of the dungeon, and saw 12 of its levels.
You also visited: Volcano.

You collected 541 gold pieces.

Inventory:

Hand Weapons
 d - a +0 short sword
 q - a +5 dagger
 E - a +1 short sword of venom
Missiles
 k - 5 boomerangs of dispersal
Armour
 h - a +2 hat (worn)
 m - a +1 cloak (worn)
 s - a +2 robe of fire resistance (worn)
 x - a +2 pair of gloves (worn)
 A - +0 steam dragon scales
 C - a +2 pair of boots (worn)
Magical Staves
 i - a staff of conjuration
 l - a staff of death
Jewellery
 a - a ring of protection from cold
 c - a ring of fire (right hand)
 w - the amulet "Nicieli" (around neck) {Spirit Rampage Regen+ Int-3 Stlth+}
   (You found it on level 11 of the Dungeon)

   [amulet of guardian spirit]

   It causes incoming damage to be divided between your reserves of health and
   magic.
   Int:       It affects your intelligence (-3).
   Regen:     It increases your rate of health regeneration.
   Rampage:   It bestows one free step when moving towards enemies.
   Stlth:     It makes you more stealthy.
 G - a ring of magical power (left hand)
Wands
 f - a wand of flame (18)
 o - a wand of mindburst (12)
 u - a wand of charming (29)
 y - a wand of polymorph (7)
 B - a wand of acid (7)
 D - a wand of iceblast (7)
Scrolls
 n - a scroll of blinking
 r - 5 scrolls of teleportation
 F - a scroll of identify
 H - 2 scrolls of magic mapping
 I - a scroll of silence
Potions
 b - a potion of curing
 e - a potion of might
 g - a potion of haste
 j - 5 potions of flight
 p - a potion of cancellation
 v - 3 potions of magic
 z - a potion of brilliance


   Skills:
 + Level 7.1 Fighting
 + Level 6.0 Armour
 - Level 1.7 Dodging
 - Level 1.7 Stealth
 + Level 6.0 Unarmed Combat
 + Level 6.9 Spellcasting
 + Level 2.6 Conjurations
 + Level 2.4 Translocations
 + Level 2.5 Fire Magic
 - Level 11.0 Air Magic
 + Level 2.4 Poison Magic
 + Level 2.6 Evocations


You had 5 spell levels left.
You knew the following spells:

 Your Spells              Type           Power      Damage    Failure   Level
a - Shock                 Conj/Air       100%       1d9       1%          1
b - Static Discharge      Conj/Air       44%        N/A       1%          2
c - Airstrike             Air            30%        N/A       1%          4
d - Swiftness             Air            60%        N/A       1%          3
e - Poisonous Vapours     Pois/Air       86%        N/A       1%          2
f - Apportation           Tloc           42%        N/A       2%          1
g - Fireball              Conj/Fire      16%        3d8       52%         5

Your spell library contained the following spells:

 Spells                   Type           Power      Damage    Failure   Level
 Corpse Rot               Necr/Air       74%        N/A       1%          2
 Mephitic Cloud           Conj/Pois/Air  36%        N/A       1%          3
 Magic Dart               Conj           88%        1d7       2%          1
 Scorch                   Fire           66%        2d8       3%          2
 Animate Skeleton         Necr           16%        N/A       6%          1
 Sandblast                Erth           16%        2d6       6%          1
 Summon Small Mammal      Summ           32%        N/A       6%          1
 Call Imp                 Summ           8%         N/A       10%         2
 Passwall                 Tmut/Erth      6%         N/A       10%         2
 Frozen Ramparts          Ice            16%        1d3       19%         3
 Flame Wave               Conj/Fire      33%        2d8       22%         4
 Olgreb's Toxic Radiance  Pois           21%        N/A       24%         4
 Animate Armour           Summ/Erth      16%        N/A       54%         4
 Ice Form                 Ice/Tmut       8%         N/A       54%         4
 Leda's Liquefaction      Hex/Erth       4%         N/A       54%         4
 Summon Ice Beast         Ice/Summ       8%         N/A       54%         4
 Alistair's Intoxication  Tmut/Pois      10%        N/A       71%         5
 Lee's Rapid Deconstruct  Erth           4%         3d6*      87%         5
 Starburst                Conj/Fire      16%        6d6       97%         6
 Statue Form              Tmut/Erth      5%         N/A       100%        6
 Summon Cactus Giant      Summ           4%         N/A       100%        6
 Ozocubu's Refrigeration  Ice            4%         4d5       100%        7
 Borgnjor's Revivificati  Necr           4%         N/A       100%        8
 Ignition                 Fire           16%        3d7       100%        8
 Necromutation            Tmut/Necr      4%         N/A       100%        8
 Death's Door             Necr           4%         N/A       100%        9


Dungeon Overview and Level Annotations

Branches:
Dungeon (11/15)            Temple (0/1) D:6            Lair (1/6) D:11
Volcano (1/1)
    Orc: D:9-12

Shops:
D:1 (

Annotations:
D:7 2 transporters, 1 runed translucent door, Hrothgar's ghost, novice HuFi
D:8 2 transporters, osinmv's ghost, novice DDFi
D:10 2 runed translucent doors, Jingleheimer's ghost, journeyman DrCj


Innate Abilities, Weirdness & Mutations

You have an increased reservoir of magic. (+10% MP)
You shall have no god before yourself.
Your divine heritage dramatically boosts your attributes as you level up.


Message History

The red draconian is almost dead.
The red draconian breathes fire at you. The searing blast misses you.
You hit the red draconian but do no damage.
The red draconian is almost dead.
The red draconian hits you with a +0 scimitar of flaming.
* * * LOW HITPOINT WARNING * * *
You hit the red draconian but do no damage.
The red draconian is almost dead.
The red draconian completely misses you.
You barely miss the red draconian.
The red draconian is almost dead.
The red draconian breathes fire at you. The searing blast hits you! You resist.
* * * LOW HITPOINT WARNING * * *
You hit the red draconian but do no damage.
The red draconian is almost dead.
You hit the red draconian but do no damage.
The red draconian is almost dead.
The red draconian hits you with a +0 scimitar of flaming.
* * * LOW HITPOINT WARNING * * *
You hit the red draconian but do no damage.
You punch the red draconian, but do no damage.
The red draconian is severely wounded.
The red draconian hits you with a +0 scimitar of flaming!
* * * LOW HITPOINT WARNING * * *
The red draconian burns you.
* * * LOW HITPOINT WARNING * * *
Unknown command.
Casting: Static Discharge (safe; 1% risk of failure)
Confirm with . or Enter, or press ? or * to list all spells.
The red draconian is struck by an arc of lightning.
The red draconian is almost dead.
You are struck by an arc of lightning.
* * * LOW HITPOINT WARNING * * *
The red draconian is struck by an arc of lightning.
The red draconian is almost dead.
The lightning grounds out.
The red draconian hits you with a +0 scimitar of flaming!
You die...

≈≈○○≈≈≈§≈≈≈§≈≈§≈§§≈§§§§≈§§§§§≈≈≈≈
≈≈≈§≈≈§≈≈≈≈≈≈≈§≈≈≈§≈§§§≈≈§§§§§§≈§
≈§§§§§§≈≈≈§§§≈§§≈≈≈§≈≈≈≈≈≈§§§≈≈§§
≈§≈≈§≈§§≈≈§§≈§§§§≈≈≈§≈≈≈≈§§§§≈≈§§
§≈§≈§§≈§≈≈§≈§§≈§≈≈§§≈§≈≈§≈≈≈≈§≈§≈
§≈°≈§≈≈≈§≈≈≈§≈§§≈§§§§≈≈≈§§≈≈≈≈≈≈≈
§§≈≈°§≈≈≈.....§.....§...§§.≈§≈§≈≈
§≈§≈≈§≈.#################.≈≈≈≈§
≈≈≈≈≈≈≈.#....d@...°'....#.≈≈≈§§
§≈≈≈≈≈°○#.∩..#.8_8.#.)∩.#.§≈§≈§
≈≈≈≈≈°≈.#... #.....#....#.§≈§§§
○≈≈≈°°≈.###++###)###''###.≈≈≈≈§
°≈≈°≈≈≈.#......#.#......#.§§≈§§
≈§§≈≈≈≈.######.#.#.######.≈≈§§§
≈≈§§≈§§.# #)#.#.)..#.§§§§§
≈§≈≈§§§.# #.#.#....#§§≈§≈§
§≈≈≈○§§.# #)#.#([..#§§≈≈§§


You could see a red draconian.

Vanquished Creatures
  A boulder beetle (D:11)
  A centaur warrior (Volcano)
  2 two-headed ogres
  Pikel (D:3)
  A manticore (D:8)
  A molten gargoyle (Volcano)
  A centaur zombie (D:10)
  A cane toad (Lair:1)
  2 kobold demonologists (D:10)
  A gargoyle (D:11)
  2 unseen horrors (D:11)
  A yaktaur (Volcano)
  A komodo dragon (D:11)
  Prince Ribbit (D:7)
  3 trolls
  A meliai zombie (D:9)
  2 wyverns (D:11)
  A vampire (D:10)
  A wraith (D:11)
  2 fire bats (Volcano)
  Eustachio (D:4)
  A steam dragon (D:8)
  16 yaks
  A basilisk (D:11)
  2 hell hounds (Lair:1)
  Duvessa (D:6)
  6 water moccasins
  2 ice beasts
  4 orc warriors
  3 sky beasts
  A hornet zombie (D:7)
  3 ogres
  A necrophage (D:6)
  3 lemures
  4 centaurs
  2 phantoms
  A kobold brigand (D:10)
  5 bullfrogs
  2 scorpions
  A water moccasin zombie (D:5)
  A wyvern skeleton (D:6)
  Dowan (D:6)
  5 wights (D:6)
  6 killer bees
  3 howler monkeys (D:10)
  6 lava snakes (Volcano)
  6 hounds
  A centaur skeleton (D:7)
  4 orc priests
  A bullfrog skeleton (D:6)
  A jelly (D:6)
  A gnoll shaman (D:5)
  Natasha (D:4)
  4 iguanas
  13 orc wizards
  A killer bee zombie (D:5)
  A hound skeleton (D:5)
  3 gnolls (D:5)
  6 adders
  A howler monkey skeleton (D:5)
  A shadow imp (D:6)
  2 white imps
  2 ufetubi
  A dart slug (D:1)
  A worm (D:3)
  35 orcs
  5 bats
  5 endoplasms
  4 giant cockroaches
  5 goblins
  8 hobgoblins
  2 jackals (D:1)
  3 quokkas
  5 ball pythons
  4 frilled lizards
  10 kobolds
  6 rats
252 creatures vanquished.

Vanquished Creatures (others)
  An orc (D:10)
  2 kobolds (D:10)
  2 bushes (D:11)
  5 fungi (D:11)
  17 plants (D:11)
27 creatures vanquished.

Grand Total: 279 creatures vanquished

Notes
Turn   | Place    | Note
-------+----------+-------------------------------------------
     0 | D:1      | pkoi the Demigod Air Elementalist began the quest for the
                  | Orb.
     0 | D:1      | Reached XP level 1. HP: 14/14 MP: 5/5
   384 | D:1      | Reached skill level 3 in Air Magic
   712 | D:1      | Found Wuepp's Weapon Shoppe.
   717 | D:1      | Reached XP level 2. HP: 20/20 MP: 0/7
  2314 | D:2      | Reached skill level 4 in Air Magic
  2314 | D:2      | Reached XP level 3. HP: 18/26 MP: 0/8
  2926 | D:2      | HP: 1/26 [poisoned by an adder]
  4570 | D:3      | Reached XP level 4. HP: 33/33 MP: 5/9
  4703 | D:3      | Got the Catalogue of Clay
  4794 | D:4      | Noticed a phantom
  4906 | D:3      | Learned a level 2 spell: Static Discharge
  4923 | D:4      | HP: 1/33 [iguana (5)]
  5544 | D:4      | Killed a phantom
  5545 | D:4      | Reached skill level 1 in Fighting
  5545 | D:4      | Reached skill level 5 in Air Magic
  5545 | D:4      | Reached XP level 5. HP: 39/40 MP: 2/11
  5875 | D:4      | Noticed an ogre
  5878 | D:4      | Noticed Natasha
  6043 | D:4      | Noticed an ogre
  6117 | D:3      | Killed an ogre
  6118 | D:3      | Reached XP level 6. HP: 4/48 MP: 0/12
  6605 | D:4      | Killed Natasha
  6765 | D:4      | Reached skill level 6 in Air Magic
  6933 | D:4      | Noticed Eustachio
  6948 | D:4      | Killed Eustachio
  6949 | D:4      | Reached XP level 7. HP: 56/56 MP: 5/14
  7570 | D:4      | Learned a level 4 spell: Airstrike
  7576 | D:4      | Noticed Pikel
  7714 | D:3      | Killed Pikel
  7715 | D:3      | Reached skill level 7 in Air Magic
  8021 | D:5      | Entered Level 5 of the Dungeon
  8096 | D:5      | Reached XP level 8. HP: 66/66 MP: 9/17
  8385 | D:5      | Reached skill level 1 in Unarmed Combat
  8459 | D:5      | Reached skill level 1 in Armour
  9345 | D:6      | Reached skill level 8 in Air Magic
  9409 | D:6      | Found a staircase to the Ecumenical Temple.
 10241 | D:6      | Noticed Duvessa
 10241 | D:6      | Noticed Dowan
 10292 | D:6      | Killed Duvessa
 10316 | D:6      | Killed Dowan
 10691 | D:6      | Reached XP level 9. HP: 70/72 MP: 5/19
 11826 | D:7      | Reached skill level 5 in Fighting
 11826 | D:7      | Reached skill level 5 in Spellcasting
 12283 | D:7      | Reached skill level 9 in Air Magic
 12633 | D:7      | Found a transporter.
 12955 | D:7      | Found a transporter.
 12957 | D:7      | Noticed Hrothgar's ghost (novice HuFi)
 13400 | D:7      | Found a runed translucent door.
 13400 | D:7      | Noticed Prince Ribbit
 13695 | D:7      | Killed Prince Ribbit
 14966 | D:8      | Noticed a manticore
 15427 | D:8      | Reached XP level 10. HP: 83/83 MP: 13/22
 15863 | D:8      | Killed a manticore
 16130 | D:8      | Found a transporter.
 16135 | D:8      | Found a transporter.
 16171 | D:8      | Noticed osinmv's ghost (novice DDFi)
 16531 | D:8      | Reached skill level 10 in Air Magic
 17160 | D:9      | Noticed a two-headed ogre
 17165 | D:9      | Killed a two-headed ogre
 17650 | D:9      | Learned a level 3 spell: Swiftness
 17702 | D:9      | HP: 2/83 [poisoned by an orc warrior]
 18852 | D:10     | Entered Level 10 of the Dungeon
 19104 | D:10     | Reached skill level 5 in Unarmed Combat
 19117 | D:10     | Reached skill level 5 in Armour
 19241 | D:10     | Found a large runed translucent door.
 19242 | D:10     | Found a large runed translucent door.
 19246 | D:10     | Noticed Jingleheimer's ghost (journeyman DrCj)
 19450 | D:10     | Noticed a soul eater
 19459 | D:10     | Noticed a smoke demon
 21484 | D:11     | Noticed a two-headed ogre
 21694 | D:11     | Noticed a boulder beetle
 21702 | D:10     | Learned a level 2 spell: Poisonous Vapours
 21704 | D:10     | Learned a level 1 spell: Apportation
 21710 | D:10     | Learned a level 5 spell: Fireball
 21723 | D:11     | Killed a boulder beetle
 21724 | D:11     | Reached skill level 1 in Conjurations
 21724 | D:11     | Reached XP level 11. HP: 91/91 MP: 14/24
 21910 | D:11     | Noticed a two-headed ogre
 21913 | D:11     | Killed a two-headed ogre
 21914 | D:11     | Reached skill level 1 in Evocations
 21984 | D:11     | Reached skill level 1 in Translocations
 22083 | D:11     | Reached skill level 1 in Fire Magic
 22083 | D:11     | Reached skill level 1 in Poison Magic
 22636 | D:11     | Found a staircase to the Lair.
 23711 | D:11     | Identified the amulet "Nicieli" {Spirit Rampage Regen+
                  | Int-3 Stlth+}
 23936 | Lair:1   | Entered Level 1 of the Lair of Beasts
 23940 | Lair:1   | Reached skill level 11 in Air Magic
 24024 | Lair:1   | Found a dark tunnel.
 24040 | Volcano  | Entered a volcano
 24702 | Volcano  | Noticed a centaur warrior
 24719 | Volcano  | HP: 3/92 [centaur warrior/arrow (10)]
 24728 | Volcano  | Killed a centaur warrior
 25013 | Volcano  | Noticed a red draconian
 25047 | Volcano  | Slain by a red draconian

Illustrated notes

Levels and vault maps discovered:
D:1:      matt_arrival_grand_opening, layout_loops_ring, serial_shops,
          nicolae_shop_bloodbath_and_beyond, hellmonk_ecumenical_altar_zigzags,
          minmay_surrounded
D:2:      layout_loops_ring, basic_altar, minmay_split_cup_small
D:3:      layout_basic, nicolae_dithmenos_shadow_blocks
D:4:      layout_basic, uniq_eustachio, uniq_natasha, uniq_pikel
D:5:      layout_loops_ring, hangedman_decor_clover_reticule
D:6:      nicolae_cairo_tiling_large, layout_basic, uniq_duvessa
D:7:      layout_basic, jmf_multi_god_temple, gammafunk_ghost_stat_death,
          lightli_church_of_beogh, uniq_prince_ribbit1
D:8:      layout_loops_cross, mainiacjoe_overflow_six_doors_small,
          gammafunk_ghost_hive
D:9:      layout_roguey, minivault_14, palyth_stone_intersect
D:10:     layout_long_grid, ebering_ghost_disaster_area,
          kennysheep_pointless_box
D:11:     layout_irregular_city, minmay_lair_entry_grove, cheibriados_altar_2
Lair:1:   layout_roguey, enter_volcano_3, lemuel_fruit_fields
Volcano:  volcano_lake [vl_original]

Skill      XL: |  1  2  3  4  5  6  7  8  9 10 11 |
---------------+----------------------------------+-----
Air Magic      | 3 4 5 6 7 8 9 10 11 | 11.0
Spellcasting   | 2 3 4 5 6 |  6.9
Fighting       | 1 2 3 4 5 6 7 |  7.1
Unarmed Combat | 2 4 5 6 |  6.0
Armour         | 2 4 5 6 |  6.0
Conjurations   | 1 2 |  2.6
Evocations     | 2 |  2.6
Translocations | 2 |  2.4
Fire Magic     | 2 |  2.5
Poison Magic   | 2 |  2.4
Dodging        | |  1.7
Stealth        | |  1.7

Action                   |  1- 3 |  4- 6 |  7- 9 | 10-12 || total
-------------------------+-------+-------+-------+-------++-------
Melee: Short sword       |    22 |    28 |       |    25 ||    75
       Punch             |       |     1 |     2 |     2 ||     5
       Dagger            |       |       |    25 |     9 ||    34
       Unarmed           |       |       |     1 |    24 ||    25
 Cast: Shock             |   104 |    99 |   159 |    12 ||   374
       Static Discharge  |       |     5 |    16 |    22 ||    43
       Airstrike         |       |       |    74 |   157 ||   231
       Poisonous Vapours |       |       |       |    49 ||    49
Evoke: Wand              |       |       |       |     2 ||     2
  Use: Scroll            |     6 |       |     8 |     7 ||    21
       Potion            |       |       |       |     6 ||     6
 Stab: Sleeping          |     1 |       |     1 |       ||     2
Armor: Robe              |     5 |    25 |    44 |    18 ||    92
       Steam dragon scal |       |       |     5 |    53 ||    58
Dodge: Dodged            |    20 |    52 |    54 |    90 ||   216
